 Dungeon Crawl Stone Soup version 0.21-a0-221-gfe971b9 (webtiles) character file.

753 Gorglomux the Skirmisher (level 7, -5/65 (66) HPs)
             Began as a Hill Orc Earth Elementalist on Aug 26, 2017.
             Was a Follower of Okawaru.
             Slain by a troll (8 damage)
             ... on level 6 of the Dungeon.
             The game lasted 00:08:20 (4503 turns).

Gorglomux the Skirmisher (HOEE)                     Turns: 4503, Time: 00:08:21

HP:   -5/65 (66)    AC:  9    Str: 13    XL:     7   Next: 79%
MP:   9/9           EV: 11    Int: 18    God:    Okawaru [*.....]
Gold: 235           SH:  0    Dex: 14    Spells: 8/9 levels left

rFire    . . .     SeeInvis .   a - +0 short sword (venom)
rCold    + . .     Gourm    .   (no shield)
rNeg     . . .     Faith    .   v - +0 ring mail
rPois    .         Spirit   .   I - +1 helmet {Int+3}
rElec    .         Reflect  .   K - +0 cloak
rCorr    .         Harm     .   (no gloves)
MR       .....                  p - +0 pair of boots
Stlth    +.........             r - amulet of regeneration
HPRegen  0.60/turn              c - ring of protection from cold
MPRegen  0.11/turn              o - +3 ring of dexterity

@: no status effects
A: no striking features
a: Heroism, Renounce Religion


You were on level 6 of the Dungeon.
You worshipped Okawaru.
Okawaru was aware of your devotion.
You were hungry.

You visited 2 branches of the dungeon, and saw 7 of its levels.

You collected 235 gold pieces.

Inventory:

Hand Weapons
 a - a +0 short sword of venom (weapon)
 b - a +2 hand axe of chopping
Missiles
 t - 136 stones
 Q - 5 javelins (quivered)
Armour
 p - a +0 pair of boots (worn)
 v - a +0 ring mail (worn)
 I - a +1 helmet of intelligence (worn)
 K - a +0 cloak (worn)
Jewellery
 c - a ring of protection from cold (left hand)
 o - a +3 ring of dexterity (right hand)
 r - an amulet of regeneration (around neck)
Scrolls
 f - a scroll of enchant armour {unknown}
 h - a scroll of remove curse {unknown}
 l - a scroll of immolation
 q - 5 scrolls of identify {unknown}
 y - a scroll of magic mapping {unknown}
 L - 2 scrolls of blinking {unknown}
 N - a scroll of amnesia {unknown}
 O - a scroll of recharging {unknown}
Potions
 i - 2 potions of berserk rage {unknown}
 j - 3 potions of agility {unknown}
 s - a potion of lignification {unknown}
 u - 5 potions of degeneration {unknown}
 A - a potion of heal wounds {unknown}
 D - a potion of cancellation {unknown}
 G - a potion of curing {unknown}
 M - a potion of brilliance {unknown}
 P - a potion of mutation {unknown}
Books
 e - a book of Geomancy

   Spells                             Type                      Level
   a - Sandblast                      Earth                        1
   b - Passwall                       Transmutation/Earth          2
   c - Stone Arrow                    Conjuration/Earth            3
   d - Petrify                        Transmutation/Earth          4
   e - Lee's Rapid Deconstruction     Earth                        5
 w - a book of Changes

   Spells                             Type                      Level
   a - Beastly Appendage              Transmutation                1
   b - Sticks to Snakes               Transmutation                2
   c - Spider Form                    Transmutation/Poison         3
   d - Ice Form                       Ice/Transmutation            4
   e - Blade Hands                    Transmutation                5
Comestibles
 d - 3 bread rations
 z - 3 meat rations
 C - a royal jelly
 F - 4 fruits
 J - a chunk of flesh


   Skills:
 + Level 7.6 Fighting
 + Level 6.7 Axes
 - Level 1.5 Dodging
 - Level 1.5 Stealth
 - Level 1.5 Spellcasting
   Level 0.6 Transmutations
 - Level 3.0 Earth Magic


You had 8 spell levels left.
You knew the following spells:

 Your Spells              Type           Power        Failure   Level  Hunger
a - Sandblast             Erth           ##....       12%         1    ##.....


Dungeon Overview and Level Annotations

Branches:
Dungeon (5/15)             Temple (1/1) D:4

Altars:
Ashenzari
Cheibriados
Dithmenos
Fedhas
Nemelex Xobeh
Okawaru
Yredelemnul
Zin

Shops:
D:5 %


Message History

The troll bites you butt does no damage!
The troll claws you! The troll completely misses you!
You skewer the troll like a kebab!
The troll looks as sick as possible!!!
The troll is severely wounded!
You feel like a meek peon again!
You completely miss the troll!
The troll is severely wounded!
The troll bites you!!! The troll claws you but does no damage!
The troll closely misses you!
You closely miss the troll!
The troll is severely wounded!
The troll butt-ly misses you! The troll claws you!!! * * * don't die
* * * The troll barely misses you! x2; The troll claws you!!! * * * don't die
* * * The troll barely misses you!
The troll closely misses you! The troll claws you! * * * don't die
* * * The troll claws you!!! rip

#....###.........#
....T..'.........+
#....###.........#
##.#.# ##.......#
##...# ##.....##
....# ##...####
##.(.# #.......#
..... #.#.###T#
...... #.#)# #@#
#.#.###.#######
#...(..........
#........######
#....(#..#
#.#.#.#..#
..........#
#.###.####.# #.
#.# .#


You could see a troll.

Vanquished Creatures
  A sky beast (D:4)
  A phantom (D:5)
  A necrophage (D:5)
  An ogre (D:4)
  A centaur (D:6)
  A hound (D:5)
  2 worker ants (D:5)
  An orc wizard (D:5)
  A hound skeleton (D:4)
  Robin (D:3)
  6 adders
  An ooze (D:1)
  An adder skeleton (D:5)
  2 adder zombies (D:5)
  2 worms
  3 dart slugs
  2 leopard geckos
  7 orcs
  4 ball pythons
  8 bats
  4 giant cockroaches
  22 goblins
  9 hobgoblins
  20 jackals
  9 kobolds
  3 quokkas
  10 frilled lizards
  3 rats
127 creatures vanquished.

Vanquished Creatures (others)
  4 gnolls (D:4)
  A bat (D:1)
5 creatures vanquished.

Grand Total: 132 creatures vanquished

Notes
Turn   | Place    | Note
-------+----------+-------------------------------------------
     0 | D:1      | Gorglomux the Hill Orc Earth Elementalist began the quest for the Orb.
     0 | D:1      | Reached XP level 1. HP: 14/14 MP: 3/3
    68 | D:1      | Reached skill level 1 in Fighting
   138 | D:1      | Reached skill level 2 in Fighting
   138 | D:1      | Reached XP level 2. HP: 24/24 MP: 2/4
   400 | D:1      | Reached skill level 3 in Fighting
   400 | D:1      | Reached XP level 3. HP: 27/31 MP: 5/5
  1103 | D:2      | Reached skill level 4 in Fighting
  1126 | D:2      | Reached XP level 4. HP: 40/40 MP: 6/6
  1214 | D:2      | Found a shattered altar of Ashenzari.
  1288 | D:2      | Reached skill level 1 in Axes
  1752 | D:3      | Found a snail-covered altar of Cheibriados.
  2085 | D:3      | Reached XP level 5. HP: 47/47 MP: 7/7
  2402 | D:3      | Noticed Robin
  2428 | D:3      | Reached skill level 5 in Fighting
  2451 | D:3      | Reached skill level 3 in Axes
  2465 | D:3      | Killed Robin
  2952 | D:4      | Found a blossoming altar of Fedhas.
  3054 | D:4      | Found a shadowy altar of Dithmenos.
  3247 | D:4      | Found a staircase to the Ecumenical Temple.
  3338 | Temple   | Entered the Ecumenical Temple
  3350 | Temple   | Became a worshipper of Warmaster Okawaru
  3531 | D:5      | Entered Level 5 of the Dungeon
  3550 | D:5      | Noticed an ogre
  3640 | D:4      | Killed an ogre
  3640 | D:4      | Reached XP level 6. HP: 43/57 MP: 8/8
  3728 | D:5      | Noticed a sky beast
  3792 | D:4      | Killed a sky beast
  3792 | D:4      | Reached skill level 6 in Fighting
  3949 | D:5      | Noticed a necrophage
  4142 | D:4      | Reached XP level 7. HP: 64/64 MP: 9/9
  4238 | D:5      | Reached skill level 7 in Fighting
  4258 | D:5      | Found Zuogh's Food Shop.
  4304 | D:5      | Reached skill level 6 in Axes
  4351 | D:5      | Reached * piety under Okawaru
  4441 | D:5      | You fall through a shaft!
  4469 | D:6      | Noticed a troll
  4496 | D:6      | HP: 2/65 [troll (11)]
  4503 | D:6      | HP: 3/65 [troll (3)]
  4503 | D:6      | Slain by a troll

Vault maps used:
D:1:      dpeg_arrival_tiny_a, lemuel_old_faithful
D:2:      nicolae_ashenzari_panopticon
D:3:      kennysheep_goblin_castle, cheibriados_altar_1, columned_hall_lemuel
D:4:      fedhas_altar_4, lemuel_temple_firewalk_b,
          nicolae_dithmenos_the_darkroom
D:5:      dancing_weapons_uskayaw, nicolae_overflow_crystal_walls, serial_shops,
          shop, first_bread, minmay_item_behind_shaft, grunt_ministairs_15,
          minmay_misc_feat_alley, wad_rectangle_vault
D:6:      lemuel_doored_altar, minmay_misc_feat_enclosed, eino_tiny_chamber
Temple:   nicolae_temple_god_jail

Skill      XL: |  1  2  3  4  5  6  7 |
---------------+----------------------+-----
Fighting       | 2 3 4 5 6 7 |  7.6
Axes           | 2 4 5 6 |  6.7
Dodging        | |  1.5
Stealth        | |  1.5
Spellcasting   | |  1.5
Transmutations | |  0.6
Earth Magic    | |  3.0

Action                   |  1- 3 |  4- 6 |  7- 9 || total
-------------------------+-------+-------+-------++-------
Melee: Unarmed           |    11 |    13 |       ||    24
       Short sword       |    64 |   268 |    70 ||   402
       Mace              |     1 |       |       ||     1
       Hand axe          |       |    12 |    35 ||    47
 Cast: Sandblast         |    13 |     1 |       ||    14
Invok: Heroism           |       |       |     1 ||     1
  Use: Scroll            |       |     1 |       ||     1
 Stab: Sleeping          |     3 |     2 |       ||     5
       Distracted        |       |     1 |       ||     1
  Eat: Chunk             |     1 |     8 |     1 ||    10
       Royal jelly       |       |     1 |       ||     1
Armor: Robe              |    18 |       |       ||    18
       Ring mail         |    13 |   176 |    47 ||   236
Dodge: Dodged            |    49 |   212 |    77 ||   338

Table legend:
 A = Spawn XP
 B = Non-spawn XP
 C = Spawn XP percentage of total XP
 D = Spawn monster count
 E = Non-spawn monster count
 F = Spawn count percentage of total count
 G = Total turns spent on level
                    A         B        C        D         E        F      G
               +---------+---------+-------+---------+---------+-------+---------
         Total |      49 |    1028 |   4.5 |      14 |     113 |  11.0 |  4503
               +---------+---------+-------+---------+---------+-------+---------
           D:1 |       6 |      41 |  12.8 |       2 |      19 |   9.5 |   775
           D:2 |       5 |      62 |   7.5 |       3 |      28 |   9.7 |   998
           D:3 |       4 |     118 |   3.3 |       3 |      43 |   6.5 |   807
           D:4 |      34 |     258 |  11.6 |       6 |       7 |  46.2 |  1199
           D:5 |       0 |     434 |   0.0 |       0 |      15 |   0.0 |   640
           D:6 |       0 |     115 |   0.0 |       0 |       1 |   0.0 |    62
               +---------+---------+-------+---------+---------+-------+---------
